 Dungeon Crawl Stone Soup version 0.31-a0-486-g8d68a81214 (webtiles) character file.

Game seed: 4874060060027125581

219 HallandMoats the Trooper (level 5, -3/44 HPs)
             Began as a Demonspawn Monk on Aug 7, 2023.
             Slain by Crazy Yiuf
             ... wielding a +3 quarterstaff of chaos
              (16 damage)
             ... on level 2 of the Dungeon.
             The game lasted 00:02:40 (1584 turns).

HallandMoats the Trooper (Demonspawn Monk)          Turns: 1584, Time: 00:02:40

Health: -3/44      AC:  7    Str: 13    XL:     5   Next: 63%
Magic:  8/8        EV: 11    Int: 12    God:
Gold:   78         SH:  0    Dex: 15    Spells: 4/4 levels left

rFire   . . .        a - +0 hand axe
rCold   . . .        d - orb {light}
rNeg    . . .        l - +0 ring mail
rPois   .            (no helmet)
rElec   .            m - +0 cloak
rCorr   .            (no gloves)
SInv    .            (no boots)
Will    .....        (no amulet)
Stlth   +            (no ring)
HPRegen 0.27/turn    (no ring)
MPRegen 0.11/turn

%: no passive effects
@: glowing
A: demonic guardian 1, sharp scales 1, demonic magic 1
a: no special abilities


You were on level 2 of the Dungeon.
You visited 1 branch of the dungeon, and saw 2 of its levels.

You collected 78 gold pieces.

Inventory:

Hand Weapons
 a - a +0 hand axe (weapon)
Missiles
 b - 6 poisoned darts (quivered)
Armour
 d - an orb of light (worn)
 l - a +0 ring mail (worn)
 m - a +0 cloak (worn)
Jewellery
 v - a ring of wizardry
Scrolls
 f - a scroll of brand weapon {unknown}
 g - a scroll of vulnerability {unknown}
 h - a scroll of revelation {unknown}
 j - a scroll of fear {unknown}
 o - a scroll of identify {unknown}
Potions
 c - a potion of ambrosia
 e - 3 potions of heal wounds {unknown}
 i - a potion of mutation {unknown}
 k - a potion of degeneration {unknown}
 n - a potion of haste {unknown}
 p - a potion of magic {unknown}
 q - a potion of might {unknown}
 r - a potion of brilliance {unknown}
 s - a potion of enlightenment {unknown}
 t - a potion of berserk rage {unknown}
 u - a potion of curing {unknown}


   Skills:
 * Level 5.5 Fighting
 - Level 2.6 Axes
 - Level 2.6 Dodging
 + Level 4.0 Invocations


You had 4 spell levels left.
You didn't know any spells.
Your spell library contained the following spells:

 Spells                   Type           Power      Damage    Failure   Level
 Shock                    Conj/Air       0%         1d3       58%         1
 Swiftness                Air            0%         N/A       91%         3
 Vhi's Electric Charge    Tloc/Air       0%         N/A       91%         3
 Airstrike                Air            0%         2d(0-16)  100%        4
 Arcjolt                  Conj/Air       0%         1d10      100%        5
 Plasma Beam              Fire/Air       0%         2x1d10    100%        6


Dungeon Overview and Level Annotations

Branches:
Dungeon (2/15)

Altars:

Shops:
D:2 *

Annotations:
D:2 Crazy Yiuf


Innate Abilities, Weirdness & Mutations

A weak demonic guardian rushes to your aid.
You are partially covered in razor-sharp scales. (AC +1, Slay +1)
Spells you cast may paralyse adjacent enemies.


Message History

u - a fizzy cyan potion You now have 78 gold pieces (gained 3).
v - a ring of wizardry A hobgoblin comes into view.
A hobgoblin is nearby!
The hobgoblin barely misses you.
You see here 2 sedimented black potions.
You hit the hobgoblin.
The hobgoblin is almost dead.
The hobgoblin misses you.
You hit the hobgoblin.
You kill the hobgoblin!
You see here a hobgoblin corpse.
You see here a hobgoblin corpse.
e - 3 sedimented black potions (gained 2)
You see here a hobgoblin corpse.
There is a stone staircase leading down here.
There is a stone staircase leading down here.
You see here a +0 robe.
You see here a +0 leather armour.
Found 2 stones.
You see here a +0 whip.
You see here a +0 ring mail.
Key pressed, stopping explore.
You see here a +0 dagger.
Crazy Yiuf shouts!
Could not explore, unopened runed door.
You open the door. You hit Crazy Yiuf.
Crazy Yiuf is lightly wounded.
Crazy Yiuf hits you with a +3 quarterstaff of chaos!
Crazy Yiuf draws strength from your wounds!
You barely miss Crazy Yiuf.
Crazy Yiuf laughs, "Buddy testudinal chair!"
Crazy Yiuf hits you with a +3 quarterstaff of chaos!
You barely miss Crazy Yiuf.
Crazy Yiuf hits you with a +3 quarterstaff of chaos!
* * * LOW HITPOINT WARNING * * *
A demonic guardian appears!
You convulse!
You die...

##### #)..# #...#
... #g# ####### ♣@♣♣
#.....# ♣♣.♣ #.....#
♣5♣♣ #.....# ♣♣.♣
####.....# ♣♣.♣♣
###........# ♣♣...♣
...........# ♣....♣
..#........# #+..+#
...........####....#


You could see Crazy Yiuf (ally target) and a friendly quasit (summoned).

Vanquished Creatures
  Sigmund (D:2)
  2 adders (D:2)
  4 endoplasms (D:1)
  6 goblins
  3 hobgoblins
  2 ball pythons (D:2)
  5 bats
  2 frilled lizards (D:1)
  5 kobolds
  3 rats
33 creatures vanquished.

Vanquished Creatures (collateral kills)
  A hobgoblin (D:2)
1 creature vanquished.

Grand Total: 34 creatures vanquished

Notes
Turn   | Place    | Note
-------+----------+-------------------------------------------
     0 | D:1      | HallandMoats the Demonspawn Monk began the quest for the
                  | Orb.
     0 | D:1      | Reached XP level 1. HP: 18/18 MP: 1/1
   203 | D:1      | Reached skill level 1 in Invocations
   322 | D:1      | Gained mutation: You are partially covered in razor-sharp
                  | scales. (AC +1, Slay +1) [demonic ancestry]
   322 | D:1      | Reached XP level 2. HP: 23/24 MP: 2/2
   834 | D:2      | Found a runed translucent door.
   835 | D:2      | Noticed Crazy Yiuf
   859 | D:2      | Noticed Sigmund
  1054 | D:2      | Killed Sigmund
  1055 | D:2      | Reached skill level 5 in Fighting
  1055 | D:2      | Gained mutation: Spells you cast may paralyse adjacent
                  | enemies. [demonic ancestry]
  1055 | D:2      | Reached XP level 3. HP: 12/33 MP: 3/5
  1055 | D:2      | Reached XP level 4. HP: 15/39 MP: 3/6
  1055 | D:2      | Gained mutation: A weak demonic guardian rushes to your
                  | aid. [demonic ancestry]
  1055 | D:2      | Reached XP level 5. HP: 17/44 MP: 3/7
  1291 | D:2      | Found Posyjatt's Assorted Antiques.
  1584 | D:2      | Slain by Crazy Yiuf

Illustrated notes

Levels and vault maps discovered:
D:1:      minmay_arrival_arboretum_small, layout_loops_ring
D:2:      layout_rooms, serial_shops, nicolae_diamond_shop,
          uniq_crazy_yiuf_cottage, uniq_sigmund

Skill      XL: |  1  2  3  4  5 |
---------------+----------------+-----
Invocations    | 1 3 4 |  4.0
Fighting       | 5 |  5.5
Axes           | |  2.6
Dodging        | |  2.6

Action                     |  1- 3 |  4- 6 || total
---------------------------+-------+-------++-------
  Melee: Hand axe          |    61 |    31 ||    92
  Throw: Dart              |     4 |       ||     4
 Armour: Robe              |    16 |       ||    16
         Ring mail         |     3 |    16 ||    19
  Dodge: Dodged            |    50 |    26 ||    76

Table legend: (Time is in decaauts)
 A = Elapsed time spent in this place.
 B = Non-inter-level travel time spent in this place.
 C = Inter-level travel time spent in this place.
 D = Time resting spent in this place.
 E = Time spent auto-exploring this place.
 F = Levels seen in this place.
 G = Mean time per level.
                   A        B        C        D        E       F      G
               +--------+--------+--------+--------+--------+-----+--------+
         Total |   1600 |   1486 |    114 |     95 |   1033 |   2 |  800.0 |
       Dungeon |   1600 |   1486 |    114 |     95 |   1033 |   2 |  800.0 |
               +--------+--------+--------+--------+--------+-----+--------+

Top non-repeatable levels by time:
     D:1: 985 daAuts
     D:2: 614 daAuts
